 Seeded DCSS version 0.29.1-15-g9cfb28693d (webtiles) character file.

Game seed: 6320845443627075161 (custom seed)

2159 Psyclone the Thaumaturge (level 9, 0/48 HPs)
             Began as a Deep Elf Fire Elementalist on Sept 23, 2023.
             Shot with an arrow by a centaur (12 damage)
             ... on level 7 of the Dungeon.
             The game lasted 00:16:24 (6755 turns).

Psyclone the Thaumaturge (DEFE)                     Turns: 6755, Time: 00:16:25

Health: 0/48       AC:  6    Str:  5    XL:     9   Next: 10%
Magic:  13/34      EV: 14    Int: 25    God:
Gold:   960        SH:  0    Dex: 15    Spells: 10/28 levels left

rFire   . . .      SeeInvis .   G - +5 falchion
rCold   . . .      Faith    .   (no shield)
rNeg    . . .      Spirit   .   a - +0 robe
rPois   +          Reflect  .   l - +1 hat {Stlth+}
rElec   .          Harm     .   s - +1 cloak {rPois}
rCorr   .          Rampage  .   F - +0 pair of gloves
Will    +....                   (no boots)
Stlth   ++++......              (no amulet)
HPRegen 0.16/turn               n - ring of magical power
MPRegen 0.24/turn               E - ring of willpower

@: no status effects
A: no striking features
a: no special abilities


You were on level 7 of the Dungeon.
You visited 1 branch of the dungeon, and saw 7 of its levels.

You collected 1640 gold pieces.
You spent 680 gold pieces at shops.

Inventory:

Hand Weapons
 c - a +0 dagger
 G - a +5 falchion (weapon)
Armour
 a - a +0 robe (worn)
 l - a +1 hat of stealth (worn)
 s - a +1 cloak of poison resistance (worn)
 F - a +0 pair of gloves (worn)
Magical Staves
 j - a staff of air
Jewellery
 n - a ring of magical power (left hand)
 z - a +6 ring of dexterity
 E - a ring of willpower (right hand)
Wands
 p - a wand of flame (42)
 v - a wand of mindburst (9)
 C - a wand of digging (5)
Scrolls
 d - 5 scrolls of teleportation {unknown}
 g - 2 scrolls of magic mapping {unknown}
 k - 2 scrolls of vulnerability {unknown}
 o - 4 scrolls of identify {unknown}
 q - 2 scrolls of blinking {unknown}
 t - 2 scrolls of amnesia {unknown}
 w - 2 scrolls of noise {unknown}
 y - a scroll of enchant weapon {unknown}
 A - a scroll of brand weapon {unknown}
 B - a scroll of poison {unknown}
 D - a scroll of silence {unknown}
 H - a scroll of enchant armour {unknown}
Potions
 b - a potion of magic
 e - 8 potions of curing {unknown}
 f - 2 potions of haste {unknown}
 h - 2 potions of resistance {unknown}
 i - 3 potions of brilliance {unknown}
 m - 3 potions of flight {unknown}
 r - 2 potions of might {unknown}
 u - a potion of degeneration {unknown}
 x - 2 potions of lignification {unknown}
 I - a potion of attraction {unknown}


   Skills:
 + Level 1.6 Fighting
 + Level 4.6 Dodging
 - Level 3.7 Stealth
 - Level 10.0 Spellcasting
 - Level 2.6 Conjurations
 + Level 6.5 Fire Magic
 + Level 6.5 Poison Magic


You had 10 spell levels left.
You knew the following spells:

 Your Spells              Type           Power      Damage    Failure   Level
a - Foxfire               Conj/Fire      100%       2x1d9     1%          1
b - Scorch                Fire           90%        2d9       1%          2
c - Conjure Flame         Conj/Fire      35%        6-21      2%          3
d - Mephitic Cloud        Conj/Pois/Air  27%        N/A       4%          3
s - Ignite Poison         Fire/Tmut/Pois 34%        N/A       2%          3
v - Poisonous Vapours     Pois/Air       56%        N/A       1%          2
x - Olgreb's Toxic Radia  Pois           45%        N/A       3%          4

Your spell library contained the following spells:

 Spells                   Type           Power      Damage    Failure   Level
 Magic Dart               Conj           100%       1d8       1%          1
 Sting                    Tmut/Pois      100%       1d8       1%          1
 Searing Ray              Conj           50%        2d6       2%          2
 Inner Flame              Hex/Fire       28%        N/A       3%          3
 Freeze                   Ice            48%        1d7       4%          1
 Flame Wave               Conj/Fire      35%        2d10      8%          4
 Frozen Ramparts          Ice            24%        1d4       14%         3
 Summon Guardian Golem    Hex/Summ       12%        N/A       14%         3
 Fireball                 Conj/Fire      17%        3d9       21%         5
 Fulminant Prism          Conj/Hex       9%         3d7       28%         4
 Hailstorm                Conj/Ice       19%        3d6       28%         4
 Freezing Cloud           Conj/Ice/Air   8%         6-21      67%         5
 Starburst                Conj/Fire      17%        6d6       75%         6
 Orb of Destruction       Conj           12%        9d7       100%        7
 Spellforged Servitor     Conj/Summ      9%         N/A       100%        7
 Ignition                 Fire           22%        3d8       100%        8


Dungeon Overview and Level Annotations

Branches:
Dungeon (7/15) Zot: 26857
 Temple: D:4-7

Altars:
Elyvilon
Hepliaklqana
Ru
Uskayaw
Wu Jian
Xom

Shops:
D:2 :


Message History

You hear a shout! x2
You now have 19/34 mp.
Casting: Scorch (safe; 1% risk of failure)
Confirm with . or Enter, or press ? or * to list all spells.
You conjure some foxfire!
The howler monkey hits you.
An orc comes into view. It is wielding a +0 hand axe.
You take 3 damage, and have 24/47 hp.
You now have 18/34 mp.
Casting: Foxfire (safe; 1% risk of failure)
Confirm with . or Enter, or press ? or * to list all spells.
Flames lash the howler monkey.
You kill the howler monkey!
The foxfire hits the orc.
The orc is heavily wounded.
You now have 17/34 mp.
Casting: Scorch (safe; 1% risk of failure)
Confirm with . or Enter, or press ? or * to list all spells.
You conjure some foxfire!
The howler monkey hoots and howls with incredible vigour!
The orc closely misses you.
A centaur comes into view.
You hear a shout!
You now have 16/34 mp.
Casting: Foxfire (safe; 1% risk of failure)
Confirm with . or Enter, or press ? or * to list all spells.
Flames lash the orc.
You kill the orc!
The centaur wields a +0 shortbow.
The centaur shoots an arrow.
The arrow barely misses you. The howler monkey closely misses you.
You now have 14/34 mp.
The foxfire hits the howler monkey but does no damage. x2
Your foxfire dissipates!
Casting: Scorch (safe; 1% risk of failure)
Confirm with . or Enter, or press ? or * to list all spells.
Flames lash the howler monkey.
The howler monkey is severely wounded.
The howler monkey's fire resistance burns away.
The centaur shoots an arrow.
The arrow hits you! The howler monkey hits you.
* * * LOW HITPOINT WARNING * * *
The centaur shoots an arrow.
The arrow hits you!
You die...

.(......#).......
#............#
#...........####
#....).).c......
###.###......#....
.....#.))†...#
...#..<.#.##
#.#...##.(#
#..@..#....#
##h§.....###
#)##....## ..)
....## #=......##
....##.### ####.
#. ##


You could see a centaur and a howler monkey (combustible).

Vanquished Creatures
  Edmund (D:5)
  A sky beast (D:6)
  An ice beast (D:5)
  2 black bears
  An ogre (D:5)
  A kobold brigand (D:6)
  2 bullfrogs
  2 necrophages
  3 scorpions
  9 wights
  4 howler monkeys
  2 hounds
  4 orc priests
  Crazy Yiuf (D:3)
  Ijyb (D:4)
  2 iguanas
  2 orc wizards (D:3)
  6 adders
  A worm (D:4)
  5 dart slugs
  17 orcs
  7 ball pythons
  2 endoplasms (D:4)
  A giant cockroach (D:4)
  7 goblins
  3 hobgoblins
  8 kobolds
  3 quokkas
  5 bats
  A frilled lizard (D:3)
  2 rats
107 creatures vanquished.

Vanquished Creatures (collateral kills)
  2 foxfires (D:3)
2 creatures vanquished.

Vanquished Creatures (others)
  424 foxfires
424 creatures vanquished.

Grand Total: 533 creatures vanquished

Notes
Turn   | Place    | Note
-------+----------+-------------------------------------------
     0 | D:1      | Psyclone the Deep Elf Fire Elementalist began the quest for
                  | the Orb.
     0 | D:1      | Reached XP level 1. HP: 10/10 MP: 6/6
   743 | D:2      | Found Weil's Book Boutique.
   799 | D:2      | Found a faded altar of an unknown god.
   842 | D:2      | Reached XP level 2. HP: 15/15 MP: 4/8
  1510 | D:2      | Identified a scroll of acquirement
  1510 | D:2      | Acquired a book of Fire
  1567 | D:3      | Reached XP level 3. HP: 7/19 MP: 8/10
  1780 | D:3      | Learned a level 2 spell: Scorch
  1784 | D:3      | Learned a level 3 spell: Conjure Flame
  1926 | D:3      | Reached XP level 4. HP: 24/24 MP: 10/11
  1946 | D:3      | Reached skill level 4 in Spellcasting
  2223 | D:3      | Found an ornate altar of the Wu Jian Council.
  2419 | D:3      | Found a runed translucent door.
  2420 | D:3      | Noticed Crazy Yiuf
  2437 | D:3      | Killed Crazy Yiuf
  2438 | D:3      | Reached XP level 5. HP: 11/28 MP: 13/13
  3248 | D:4      | Noticed Ijyb
  3256 | D:4      | Killed Ijyb
  3432 | D:4      | Reached skill level 5 in Fire Magic
  3437 | D:4      | Acquired 1247 gold pieces
  3474 | D:2      | Bought a book of Conjurations for 200 gold pieces
  3474 | D:2      | Bought a Young Poisoner's Handbook for 200 gold pieces
  3477 | D:2      | Learned a level 2 spell: Poisonous Vapours
  3538 | D:4      | Reached XP level 6. HP: 32/32 MP: 14/14
  3539 | D:4      | Reached skill level 1 in Poison Magic
  4010 | D:4      | Found a sacrificial altar of Ru.
  4185 | D:4      | Found a white marble altar of Elyvilon.
  4238 | D:4      | Found a shimmering altar of Xom.
  4240 | D:4      | Found a hazy altar of Hepliaklqana.
  4241 | D:4      | Noticed a spectral ugly thing
  4418 | D:5      | Entered Level 5 of the Dungeon
  4632 | D:5      | Learned a level 4 spell: Olgreb's Toxic Radiance
  4654 | D:5      | Reached skill level 5 in Spellcasting
  4654 | D:5      | Reached XP level 7. HP: 36/36 MP: 16/16
  5060 | D:5      | Noticed Edmund
  5068 | D:5      | Killed Edmund
  5069 | D:5      | Reached skill level 6 in Spellcasting
  5069 | D:5      | Reached skill level 5 in Poison Magic
  5234 | D:5      | Reached XP level 8. HP: 41/41 MP: 19/19
  5409 | D:6      | Found a hide-covered altar of Uskayaw.
  5517 | D:6      | Reached skill level 7 in Spellcasting
  5587 | D:6      | Reached skill level 8 in Spellcasting
  5603 | D:6      | Reached skill level 9 in Spellcasting
  5865 | D:6      | Identified the +1 ring mail of Sorcery {Int+5}
  6095 | D:6      | Reached skill level 10 in Spellcasting
  6501 | D:2      | Bought a Trismegistus Codex for 280 gold pieces
  6505 | D:2      | Learned a level 3 spell: Mephitic Cloud
  6509 | D:2      | Learned a level 3 spell: Ignite Poison
  6629 | D:7      | Reached skill level 1 in Fighting
  6638 | D:7      | Reached XP level 9. HP: 26/47 MP: 11/25
  6755 | D:7      | Shot with an arrow by a centaur

Illustrated notes

Levels and vault maps discovered:
D:1:      dpeg_arrival_lava_temple_mockup, layout_basic
D:2:      layout_loops_ring, shapermc_ecumenical_altar_starsandcircs,
          serial_shops, nicolae_shop_window_shopping
D:3:      layout_loops_ring, pdpol_wu_jian_five_deadly_venoms, corexii_shack,
          uniq_crazy_yiuf_cottage
D:4:      layout_basic, regret_index_temple_of_mockery, hangedman_ru_absence,
          lemuel_tele_altar, uniq_ijyb
D:5:      layout_loops_cross, uniq_edmund
D:6:      layout_cave_pods, amcnicky_altar_gilded
D:7:      layout_cave_pools, gammafunk_temple_overflow_claw,
          minmay_temple_entry_statues_pillars, serial_shops,
          nicolae_shop_statue_plus

Skill      XL: |  1  2  3  4  5  6  7  8 |
---------------+-------------------------+-----
Stealth        | 3 |  3.7
Dodging        | 3 4 |  4.6
Conjurations   | 2 |  2.6
Spellcasting   | 4 5 6 10 | 10.0
Fire Magic     | 4 5 6 |  6.5
Poison Magic   | 3 5 6 |  6.5
Fighting       | 1 |  1.6

Action                   |  1- 3 |  4- 6 |  7- 9 || total
-------------------------+-------+-------+-------++-------
Melee: Dagger            |       |     4 |     2 ||     6
       Falchion          |       |       |     1 ||     1
 Cast: Foxfire           |    51 |   105 |    95 ||   251
       Scorch            |     1 |     9 |    35 ||    45
       Poisonous Vapours |       |     4 |     2 ||     6
  Use: Scroll            |     1 |     1 |       ||     2
 Stab: Sleeping          |       |     2 |       ||     2
Armor: Robe              |       |     6 |     7 ||    13
Dodge: Dodged            |     3 |    24 |    38 ||    65
